[Event "Early-Titled-Tuesday-Blitz-April-02-2024"]
[Site "Chess.com"]
[Date "2024.04.02"]
[Round "3"]
[White "TrompeterImEther"]
[Black "rezamahdavi2008"]
[Result "0-1"]
[WhiteElo "2541"]
[BlackElo "2893"]
[TimeControl "180+1"]
[EndTime "8:27:06 PDT"]
[Termination "rezamahdavi2008 won on time"]

1. e4 c5 2. Nf3 d6 3. d4 cxd4 4. Nxd4 Nf6 5. Nc3 a6 6. h3 e5 7. Nf3 Be7 8. g4 h6 9. Rg1 b5 10. g5 hxg5 11. Nxg5 Bb7 12. Be3 Qc7 13. Bd3 Nbd7 14.
Qf3 b4 15. Ne2 d5 16. O-O-O d4 17. Bd2 Rc8 18. Kb1 a5 19. Ng3 g6 20. Rc1 Nc5 21.
Bb5+ Kf8 22. Bd3 Rh4 23. Rge1 Qb6 24. Qg2 Rh8 25. Qf1 Nxd3 26. cxd3 Kg7 27. f4 Nd7 28. fxe5 Nxe5 29. Bf4 Bxg5 30. Bxg5 f6 31. Bf4 Ba6 32. Rcd1 Qb5 33. Bxe5 Qxe5 34. Qf3 Rc6 35. Rg1 b3 36. a3 Kf7 37. Ne2 g5 38. Qg4 Bc8 39. Qf3 Rxh3 40.
Qf2 Rc2 41. Rg2 Ba6 42. Qe1 Rxd3 43. Rc1 Re3 44. Rxc2 bxc2+ 45. Kxc2 Bxe2 0-1

[Event "Early-Titled-Tuesday-Blitz-April-02-2024"]
[Site "Chess.com"]
[Date "2024.04.02"]
[Round "3"]
[White "wadsy27"]
[Black "Misterfox120"]
[Result "1-0"]
[WhiteElo "2614"]
[BlackElo "2409"]
[TimeControl "180+1"]
[EndTime "8:27:07 PDT"]
[Termination "wadsy27 won by resignation"]

1. Nf3 c5 2. g3 Nc6 3. c4 g6 4.
Bg2 Bg7 5. Nc3 e5 6. d3 Nge7 7.
a3 O-O 8. O-O d6 9. Rb1 a5 10.
Ne1 Be6 11. Bg5 f6 12. Be3 b6 13. b4 Rb8 14. Nc2 cxb4 15. axb4 d5 16. cxd5 Nxd5 17. Nxd5 Bxd5 18. bxa5 Bxg2 19. Kxg2 bxa5 20. Rxb8 Qd5+ 21.
Kg1 Rxb8 22. Na3 Rd8 23. Qa4 Bf8 24. Rc1 Nd4 25. Bxd4 Qxd4 26. Qxa5 Qb2 27. Rb1 Qd4 28. Nc4 Bc5 29. Rf1 e4 30. e3 Qd5 31. dxe4 Qxc4 32.
Qxd8+ 1-0

[Event "Early-Titled-Tuesday-Blitz-April-02-2024"]
[Site "Chess.com"]
[Date "2024.04.02"]
[Round "3"]
[White "Gennady_Kozlov"]
[Black "AlexandraSamaganova"]
[Result "1-0"]
[WhiteElo "2624"]
[BlackElo "2429"]
[TimeControl "180+1"]
[EndTime "8:27:08 PDT"]
[Termination "Gennady_Kozlov won on time"]

1. b3 c5 2. Bb2 Nc6 3. e3 Nf6 4. f4 e6 5. Nf3 d6 6. Be2 Be7 7. O-O O-O 8. Qe1 Ne8 9. Nc3 f5 10.
a4 Bf6 11. Rb1 a6 12. e4 fxe4 13. Nxe4 Bxb2 14. Rxb2 Nf6 15. Neg5 h6 16. Nh3 e5 17. fxe5 dxe5 18. Bc4+ Kh7 19. Rb1 Bxh3 20. gxh3 e4 21.
Nh4 Qd4+ 22. Kh1 Rae8 23. Nf5 Qe5 24. Qg3 Qxg3 25. hxg3 Nd4 26. Nd6 Re7 27. c3 Nc6 28. Rbe1 Ne5 29. Kg2 Rd8 30. Nxe4 Nxe4 31. Rxe4 Rxd2+ 32.
Rf2 Rxf2+ 33. Kxf2 Nc6 34. Bd3 Kg8 35. Rxe7 Nxe7 36.
Be4 b6 37. Ke3 Kf7 38. Bb7 a5 39. Kd3 Ke6 40. Kc4 Kd6 41. Be4 Kc7 42. Kd3 Kd6 43.
Ke3 Ke5 44. g4 Nc8 45. Kd3 Nd6 46. Bg6 Kf6 47. Be4 Ke5 48. Bc6 Kf4 49. b4 1-0

[Event "Early-Titled-Tuesday-Blitz-April-02-2024"]
[Site "Chess.com"]
[Date "2024.04.02"]
[Round "3"]
[White "RealPerangel"]
[Black "Batica1984"]
[Result "0-1"]
[WhiteElo "2523"]
[BlackElo "2772"]
[TimeControl "180+1"]
[EndTime "8:27:09 PDT"]
[Termination "Batica1984 won by resignation"]

1. e4 c5 2. g3 Nc6 3. Bg2 g6 4. Ne2 Bg7 5. c3 e5 6. d3 d6 7. Be3 Nge7 8. O-O O-O 9. f4 f5 10. Nd2 Kh8 11. Nf3 b6 12. Qd2 Be6 13. a3 a5 14.
exf5 Bxf5 15. fxe5 dxe5 16. d4 exd4 17. cxd4 Nd5 18.
Bh6 Ra7 19. Bxg7+ Rxg7 20. dxc5 bxc5 21. Nh4 Rd7 22. Qh6 Nd4 23. Nxd4 cxd4 24. g4 Ne3 25.
gxf5 Rg7 26. Rf3 gxf5 27. Rg3 Rfg8 28. Ng6+ Rxg6 29. Rxg6 Rxg6 30. Qf4 Rxg2+ 31. Kh1 Qd5 0-1

[Event "Early-Titled-Tuesday-Blitz-April-02-2024"]
[Site "Chess.com"]
[Date "2024.04.02"]
[Round "3"]
[White "Felix-Rose"]
[Black "maximnovik"]
[Result "0-1"]
[WhiteElo "2314"]
[BlackElo "2591"]
[TimeControl "180+1"]
[EndTime "8:27:12 PDT"]
[Termination "maximnovik won by resignation"]

1. e4 c6 2. d4 d5 3. e5 Bf5 4. h4 Qb6 5. Nc3 h5 6. Bd3 Qxd4 7. Be3 Qb4 8. Bxf5 Qxb2 9. Bd2 e6 10.
Rb1 Qa3 11. Bd3 b6 12. Nf3 Nd7 13. O-O g6 14. Rb3 Qe7 15. Bg5 Qc5 16. Be3 Qa5 17. Bd2 Qc5 18. Ne2 b5 19. Bb4 Qb6 20. Bxf8 Kxf8 21. Rb1 Qc7 22. Ned4 Ne7 23. Re1 a6 24. Qd2 c5 25. Nxe6+ fxe6 26. Ng5 Qc6 27. Qf4+ Nf5 28. f3 Ke7 29. g4 hxg4 30. fxg4 Rxh4 31. Kg2 Rah8 32. Rh1 c4 33. Bxf5 gxf5 34. Rxh4 Rxh4 35.
Kg1 Rxg4+ 0-1

[Event "Early-Titled-Tuesday-Blitz-April-02-2024"]
[Site "Chess.com"]
[Date "2024.04.02"]
[Round "3"]
[White "AA95"]
[Black "GlavkonVVS"]
[Result "0-1"]
[WhiteElo "2493"]
[BlackElo "2662"]
[TimeControl "180+1"]
[EndTime "8:27:13 PDT"]
[Termination "GlavkonVVS won on time"]

1. Nf3 Nf6 2. g3 c5 3. Bg2 Nc6 4. O-O g6 5. b3 Bg7 6. Bb2 O-O 7. d4 cxd4 8. Nxd4 d5 9. c4 dxc4 10. Nxc6 bxc6 11. Qxd8 Rxd8 12. Bxc6 Rb8 13. Be5 cxb3 14. axb3 Rxb3 15. Rxa7 Bh3 16. Rc1 Rc8 17. Nd2 Rb6 18. Bc7 Rb2 19. Nc4 Rxe2 20. Nb6 Rf8 21. Bf3 Rb2 22. Nd5 Nxd5 23. Bxd5 Bd4 24. Ra2 Bxf2+ 25. Kh1 Rxa2 26. Bxa2 Rc8 27. Bf4 Rxc1+ 28. Bxc1 Bd4 29. Bc4 Kg7 30. Bg5 e5 31. Bd2 f5 32. Bb4 e4 33.
Bd6 g5 34. Be7 Kg6 35. Bb5 Bf6 36. Be8+ Kg7 0-1

[Event "Early-Titled-Tuesday-Blitz-April-02-2024"]
[Site "Chess.com"]
[Date "2024.04.02"]
[Round "3"]
[White "TheoSlade"]
[Black "Manukyan_Artak"]
[Result "0-1"]
[WhiteElo "2395"]
[BlackElo "2550"]
[TimeControl "180+1"]
[EndTime "8:27:13 PDT"]
[Termination "Manukyan_Artak won by resignation"]

1. d4 d5 2. c4 dxc4 3. Nf3 Nf6 4. e3 e6 5. Bxc4 c5 6. O-O a6 7. b3 b5 8. Be2 Bb7 9. Bb2 Nc6 10. dxc5 Bxc5 11.
Qxd8+ Rxd8 12. Nbd2 Nb4 13. Rfc1 Be7 14. a4 bxa4 15. Rxa4 Nd3 16. Bxd3 Rxd3 17. Rc7 Bxf3 18. Rc8+ Bd8 19. gxf3 Rxd2 20. Ba3 Nd5 21. Rxa6 Kd7 22. Rb8 Re8 23. Raa8 Nc7 24. Ra7 f5 25. Bb4 Rc2 26.
Ba5 Rf8 27. b4 e5 28. b5 Rc1+ 29. Kg2 Rf6 30. b6 Rg6+ 31. Kh3 Rcg1 32. Rxd8+ Kxd8 33. bxc7+ Kd7 34. c8=Q+ Kxc8 35. Rc7+ Kb8 36. Rc6 Rxc6 0-1

[Event "Early-Titled-Tuesday-Blitz-April-02-2024"]
[Site "Chess.com"]
[Date "2024.04.02"]
[Round "3"]
[White "Msb2"]
[Black "valik3504"]
[Result "0-1"]
[WhiteElo "3012"]
[BlackElo "2564"]
[TimeControl "180+1"]
[EndTime "8:27:14 PDT"]
[Termination "valik3504 won by checkmate"]

1. d4 Nf6 2. c4 e6 3. Nc3 d5 4. cxd5 exd5 5. Bg5 c6 6. e3 Bd6 7. Bd3 h6 8. Bh4 O-O 9. Nf3 Re8 10. Bg3 Bg4 11.
Qb3 Bxg3 12. hxg3 Bxf3 13. gxf3 b5 14. O-O-O a5 15. Qc2 Na6 16. a3 Qd6 17. Ne2 Rec8 18. Kb1 a4 19. Rc1 Nd7 20. Qd2 Nb6 21. g4 f6 22. e4 Nc4 23. Bxc4 bxc4 24. Ng3 Rcb8 25. Nf5 Qxa3 26. Rc2 Qf8 27. e5 Nb4 28. Nxh6+ gxh6 29. Rxh6 Nxc2 30. Rg6+ Kh8 31. Qxc2 Ra7 32. Rxf6 Qg7 33. Qf5 a3 34. Qh5+ Qh7+ 35. Qxh7+ Rxh7 36. Rxc6 axb2 37. Rb6 Rxb6 38. Kc2 b1=Q+ 39. Kd2 Qd3+ 40. Ke1 Rb1# 0-1

[Event "Early-Titled-Tuesday-Blitz-April-02-2024"]
[Site "Chess.com"]
[Date "2024.04.02"]
[Round "3"]
[White "Ajedrez_con_German"]
[Black "PavelChernomordik"]
[Result "0-1"]
[WhiteElo "2596"]
[BlackElo "2428"]
[TimeControl "180+1"]
[EndTime "8:27:14 PDT"]
[Termination "PavelChernomordik won by resignation"]

1. Nf3 g6 2. g3 Bg7 3. Bg2 e5 4. O-O Nc6 5. c4 d6 6. Nc3 Be6 7. d3 h6 8. Rb1 Qd7 9. Nd5 Nge7 10. Nxe7 Nxe7 11. Nd2 c6 12. b4 Bh3 13. b5 Bxg2 14. Kxg2 O-O 15. bxc6 Nxc6 16. Ba3 f5 17. Qb3 Rab8 18.
Qb5 Kh7 19. Nb3 f4 20. f3 h5 21. Na5 Qc7 22. Bb4 Nd4 23. Qd5 Nf5 24. Bd2 b6 25.
Nc6 Rbe8 26. Qb5 fxg3 27. hxg3 d5 28. cxd5 e4 29. Bf4 exf3+ 30. exf3 Ne3+ 31. Bxe3 Rxe3 32. Rbe1 Rfxf3 33. Rxf3 Rxe1 34. Qc4 Qd7 35. d4 Qg4 36. Ne5 Bxe5 37. dxe5 Qxc4 0-1

[Event "Early-Titled-Tuesday-Blitz-April-02-2024"]
[Site "Chess.com"]
[Date "2024.04.02"]
[Round "3"]
[White "nekotyanof"]
[Black "Happy1712Drummer"]
[Result "1-0"]
[WhiteElo "2669"]
[BlackElo "2497"]
[TimeControl "180+1"]
[EndTime "8:27:18 PDT"]
[Termination "nekotyanof won on time"]

1. e4 c5 2. Nf3 e6 3. Nc3 Nc6 4. d4 cxd4 5. Nxd4 Nf6 6. g3 d5 7.
Nxc6 bxc6 8. Bg2 Bb4 9. Bd2 O-O 10. O-O Rb8 11. e5 Nd7 12. Qe2 Qc7 13. f4 Bc5+ 14. Kh1 Rxb2 15. Na4 Rxc2 16. Qd3 Rc4 17. Nxc5 Nxc5 18.
Qa3 Ne4 19. Ba5 Qd7 20. Rab1 c5 21. Be1 Qa4 22. Qe3 Qxa2 23. Rb8 Rc2 24. Bxe4 Rxh2+ 25. Kg1 dxe4 26. Bf2 Rh6 27. Qxc5 Qa6 28. Rc1 Rg6 29.
Rxc8 1-0

[Event "Early-Titled-Tuesday-Blitz-April-02-2024"]
[Site "Chess.com"]
[Date "2024.04.02"]
[Round "3"]
[White "JaackCamel"]
[Black "PapaieDudu"]
[Result "0-1"]
[WhiteElo "2179"]
[BlackElo "2399"]
[TimeControl "180+1"]
[EndTime "8:27:19 PDT"]
[Termination "PapaieDudu won on time"]

1. d4 d5 2. c4 e6 3. Nc3 Nf6 4.
cxd5 exd5 5. Bg5 Nbd7 6. e3 Be7 7. Bd3 O-O 8. Nge2 Re8 9. Qc2 c6 10. O-O h6 11. Bh4 Nf8 12. h3 Ne6 13. Bg3 b5 14.
Rac1 a5 15. Rfd1 a4 16. Nb1 Bb7 17. Nd2 b4 18. Nf3 c5 19. dxc5 Nxc5 20. Ned4 Nxd3 21. Qxd3 Ne4 22. Bc7 Qd7 23. Ne5 Qc8 24. Bb6 Bc5 25. Qb5 Ba6 26. Qxa4 Bc4 27. Qc6 Qxc6 28. Nexc6 Bxb6 29. b3 Ba6 30. Nxb4 Bb7 31. a4 Ba5 32. Nd3 Bc3 33.
Nb5 Ba5 34. Nf4 Red8 35. Rd4 Bb6 36. Rdd1 Rac8 37. Ne2 Rxc1 38. Rxc1 Nd2 39. Ned4 Rc8 0-1

[Event "Early-Titled-Tuesday-Blitz-April-02-2024"]
[Site "Chess.com"]
[Date "2024.04.02"]
[Round "3"]
[White "madmax011"]
[Black "IsaqueGoncalvesSanto"]
[Result "1-0"]
[WhiteElo "2352"]
[BlackElo "1908"]
[TimeControl "180+1"]
[EndTime "8:27:19 PDT"]
[Termination "madmax011 won on time"]

1. d4 d5 2. c4 e6 3. Nc3 c6 4. e3 f5 5. Bd3 Nf6 6. Nf3 Bd6 7. c5 Bc7 8. b4 O-O 9. Ne5 Ne4 10. Bd2 Nxd2 11. Qxd2 a5 12. b5 Nd7 13. f4 Nf6 14. O-O Ne4 15. Bxe4 fxe4 16. bxc6 bxc6 17. Nxc6 Qe8 18.
Ne5 Ba6 19. Rfb1 Qh5 20. Qd1 Qe8 21. Na4 Rf6 22. Nb6 Ra7 23. Rb2 Rh6 24. Rab1 Bd8 25. c6 Rc7 26. Nbd7 1-0

[Event "Early-Titled-Tuesday-Blitz-April-02-2024"]
[Site "Chess.com"]
[Date "2024.04.02"]
[Round "3"]
[White "Yaacovn"]
[Black "Dixit_Nikhil"]
[Result "1/2-1/2"]
[WhiteElo "2848"]
[BlackElo "2643"]
[TimeControl "180+1"]
[EndTime "8:27:20 PDT"]
[Termination "Game drawn by repetition"]

1. d4 Nf6 2. Nf3 g6 3. e3 Bg7 4. Be2 O-O 5. O-O d6 6. b3 b6 7. Bb2 Bb7 8. c4 Ne4 9. Qc2 Nd7 10. Rd1 c5 11. d5 Nef6 12. Nc3 a6 13. e4 Nh5 14. Bf1 Ne5 15. Nxe5 Bxe5 16. Ne2 Bxb2 17. Qxb2 e5 18. a4 a5 19. Qd2 Bc8 20. Qh6 Qf6 21. Nc3 Qf4 22. Qxf4 Nxf4 23. g3 Nh5 24. Be2 Ng7 25.
f4 f6 26. Nb5 Ne8 27. fxe5 fxe5 28. Rf1 Bd7 29. Rxf8+ Kxf8 30. Nc3 Ke7 31. Kg2 Nf6 32.
Rf1 Rf8 33. h3 Ne8 34. Re1 Nf6 35. Rh1 h5 36. h4 Ng4 37. Nd1 Nh6 38. Rf1 Bg4 39. Rxf8 Kxf8 40. Kf2 Bxe2 41. Kxe2 Ng4 42. Nc3 Ke7 43. Nb5 Nf6 44. Kf3 Ne8 45. Na7 Kd7 46. Nb5 Nc7 47. Nc3 Ne8 48. Nd1 Nf6 49. Ne3 Ke7 50. g4 hxg4+ 51. Nxg4 Nxg4 52. Kxg4 Kf6 53. h5 Kg7 54. Kg5 gxh5 55. Kxh5 Kh7 56. Kg5 Kg7 57.
Kf5 Kf7 58. Kg5 Kg7 59. Kh4 Kh6 60. Kg4 Kg6 61. Kh4 Kh6 62. Kg4 Kg6 63. Kh4 Kh6 1/2-1/2

[Event "Early-Titled-Tuesday-Blitz-April-02-2024"]
[Site "Chess.com"]
[Date "2024.04.02"]
[Round "3"]
[White "Road2GM3000"]
[Black "tactic"]
[Result "1-0"]
[WhiteElo "2437"]
[BlackElo "2603"]
[TimeControl "180+1"]
[EndTime "8:27:21 PDT"]
[Termination "Road2GM3000 won on time"]

1. d4 Nf6 2. c4 e6 3. Nc3 d5 4. cxd5 exd5 5. Bg5 Nbd7 6. e3 c6 7. Nf3 Bd6 8. Bd3 O-O 9. Qc2 h6 10. Bh4 Re8 11. h3 b5 12. O-O-O a5 13. g4 Be7 14. g5 hxg5 15. Nxg5 Ne4 16. Bxe4 Bxg5 17. Bxg5 Qxg5 18. Rdg1 Qh6 19. Bd3 Rb8 20. Rg3 c5 21. Rhg1 Nf6 22. Rxg7+ Kh8 23. Nxd5 Nxd5 24. Rh7+ Qxh7 25.
Bxh7 Nb4 26. Qe2 f5 27. Qh5 Re7 28. Bxf5+ 1-0

[Event "Early-Titled-Tuesday-Blitz-April-02-2024"]
[Site "Chess.com"]
[Date "2024.04.02"]
[Round "3"]
[White "AnaKuchava"]
[Black "schachlana"]
[Result "0-1"]
[WhiteElo "2163"]
[BlackElo "2399"]
[TimeControl "180+1"]
[EndTime "8:27:21 PDT"]
[Termination "schachlana won on time"]

1. d4 Nf6 2. Nf3 g6 3. c4 d6 4. Nc3 Bg7 5. e4 O-O 6. Be2 c5 7. O-O cxd4 8. Nxd4 Nc6 9. Be3 Bd7 10. Qd2 Rc8 11. Rac1 a6 12. f3 Re8 13. Nd5 e6 14. Nc3 Qc7 15. Rfd1 Red8 16. Bg5 h6 17. Nxc6 Bxc6 18.
Bxh6 Bxh6 19. Qxh6 Qb6+ 20. Kh1 Qxb2 21. Rd3 b5 22. Rb1 Qc2 23. f4 Nxe4 24. Nxe4 Qxb1+ 25. Bd1 Bxe4 0-1

[Event "Early-Titled-Tuesday-Blitz-April-02-2024"]
[Site "Chess.com"]
[Date "2024.04.02"]
[Round "3"]
[White "ViIIagra"]
[Black "HajiyevKanan"]
[Result "1-0"]
[WhiteElo "2898"]
[BlackElo "2593"]
[TimeControl "180+1"]
[EndTime "8:27:22 PDT"]
[Termination "ViIIagra won by resignation"]

1. e4 c6 2. g3 d5 3. Bg2 dxe4 4.
Bxe4 Nf6 5. Bg2 Bg4 6. Ne2 e5 7. Nbc3 Bc5 8. h3 Bh5 9. d3 O-O 10. O-O Nbd7 11. a3 a5 12. Be3 Qe7 13. g4 Bg6 14. Ng3 Rfe8 15. Re1 Bxe3 16. Rxe3 Rad8 17.
Qd2 Qd6 18. Rae1 h6 19. Kh2 b5 20. Nce4 Nxe4 21. Bxe4 Nc5 22. Bxg6 Qxg6 23. Rxe5 Rxe5 24. Rxe5 Qd6 25. Qxa5 Qxe5 26. Qxd8+ Kh7 27. Qc8 Ne6 28. Qxc6 Qxb2 29. a4 bxa4 30. Qe4+ g6 31. Qxa4 Nd4 32. Qc4 Nf3+ 33. Kg2 Nh4+ 34. Kf1 Qc1+ 35. Ke2 Qg1 36.
Qxf7+ Kh8 37. Qf6+ Kh7 38. Qxh4 g5 39. Qh5 Qg2 40. Qf7+ Kh8 41. Qf6+ Kh7 42. Qf5+ 1-0

[Event "Early-Titled-Tuesday-Blitz-April-02-2024"]
[Site "Chess.com"]
[Date "2024.04.02"]
[Round "3"]
[White "kereswasbest"]
[Black "2346PL"]
[Result "0-1"]
[WhiteElo "2262"]
[BlackElo "2538"]
[TimeControl "180+1"]
[EndTime "8:27:26 PDT"]
[Termination "2346PL won by checkmate"]

1. e4 c5 2. Nf3 Nf6 3. d4 Nxe4 4. Bd3 d5 5. O-O Nc6 6. c4 cxd4 7. cxd5 Qxd5 8. Bxe4 Qxe4 9. Re1 Qd5 10. Nc3 Qd8 11. Nb5 Bg4 12. Nbxd4 Nxd4 13. Qxd4 Bxf3 14. Qxd8+ Rxd8 15. gxf3 e6 16. Be3 b6 17. Rac1 Bd6 18.
Bg5 f6 19. Bh4 Ke7 20. Bg3 Bxg3 21. hxg3 Rc8 22. Kf1 h5 23. f4 Rhd8 24. f5 Rxc1 25. Rxc1 exf5 26. Ke2 g5 27. Kf3 Rd7 28. Ke3 Kf7 29.
Kf3 Kg6 30. Ke3 Re7+ 31. Kf3 g4+ 32. Kg2 f4 33. gxf4 Re2 34. Rc7 a6 35. b4 Rxa2 36. Rc6 b5 37. Kg3 Ra1 38. Kg2 Kf5 39. Rc5+ Kxf4 40. Rxh5 Ra4 41. Rh6 Kg5 42. Rh8 Rxb4 43. Rg8+ Kf5 44. Ra8 Ra4 45. Kg3 Ra3+ 46. Kh4 Rh3# 0-1

[Event "Early-Titled-Tuesday-Blitz-April-02-2024"]
[Site "Chess.com"]
[Date "2024.04.02"]
[Round "3"]
[White "chessdjw"]
[Black "Hikaru"]
[Result "0-1"]
[WhiteElo "2791"]
[BlackElo "3266"]
[TimeControl "180+1"]
[EndTime "8:27:27 PDT"]
[Termination "Hikaru won by resignation"]

1. e4 a6 2. d4 e6 3. Nf3 d5 4. Nc3 Nf6 5. e5 Nfd7 6. Ne2 c5 7. c3 Nc6 8. g3 a5 9. h4 a4 10.
Bh3 a3 11. b3 cxd4 12. cxd4 b6 13. Kf1 Ba6 14. Kg2 Bb4 15. Be3 Rc8 16. Rc1 O-O 17.
Nf4 Re8 18. Ng5 Nf8 19. Qh5 Re7 20. Rc2 Ba5 21. Nfxe6 fxe6 22. Bxe6+ Rxe6 23. Qf7+ Kh8 24. Nxe6 Nxe6 25. Qxe6 Nxd4 26. Rxc8 Bxc8 27. Qd6 Qxd6 28. exd6 Ne6 29. Rc1 Bd7 30. Bg5 h6 31. Be7 d4 32.
Kf3 d3 33. Ke3 d2 34. Rd1 Kg8 35. h5 Nc5 36. f3 Bc3 37. g4 b5 38. Bh4 b4 39. Bg3 Nxb3 40. axb3 a2 41. Bf4 Kf7 42. Kf2 Be6 43. Ke2 Bxb3 44. Rh1 d1=Q+ 45. Rxd1 Bxd1+ 46. Kf2 a1=Q 47. d7 Qa7+ 48. Be3 Qxd7 0-1

[Event "Early-Titled-Tuesday-Blitz-April-02-2024"]
[Site "Chess.com"]
[Date "2024.04.02"]
[Round "3"]
[White "Ginger_GM"]
[Black "kleber2007"]
[Result "0-1"]
[WhiteElo "2628"]
[BlackElo "2476"]
[TimeControl "180+1"]
[EndTime "8:27:27 PDT"]
[Termination "kleber2007 won on time"]

1. e4 c6 2. Bc4 d5 3. Bb3 dxe4 4. Qh5 g6 5. Qh4 Nf6 6. Nc3 Bf5 7. f3 exf3 8. Nxf3 e6 9. d4 Be7 10. O-O Nbd7 11. h3 h5 12. Bg5 Nh7 13. Bxe7 Qxe7 14. Qf4 g5 15. Qg3 h4 16. Qc7 Ndf6 17. Qe5 O-O-O 18. Rae1 Qc7 19. Qe3 g4 20. Ne5 gxh3 21.
gxh3 Rhg8+ 22. Kh1 Rg3 23. Rf3 Rdg8 24. Ne2 Rxf3 25. Qxf3 Ng5 26. Qe3 Nxh3 27. Rf1 Ng4 28.
Qxh3 Nf2+ 29. Rxf2 Bxh3 30. Rxf7 Qd8 31. Nc4 Qg5 32.
Nd6+ Kb8 0-1

[Event "Early-Titled-Tuesday-Blitz-April-02-2024"]
[Site "Chess.com"]
[Date "2024.04.02"]
[Round "3"]
[White "DanylaBagrov"]
[Black "Roosters19"]
[Result "1-0"]
[WhiteElo "2520"]
[BlackElo "2286"]
[TimeControl "180+1"]
[EndTime "8:27:28 PDT"]
[Termination "DanylaBagrov won by resignation"]

1. d4 Nf6 2. Bf4 c5 3. e3 cxd4 4. exd4 d6 5. c3 Bf5 6. h3 Nbd7 7. Nd2 h6 8. Ngf3 Rc8 9. Be2 g5 10. Bh2 Bg7 11. O-O O-O 12. Nc4 Bg6 13. Ne3 Nb6 14.
Qb3 Ne4 15. a4 Rb8 16. a5 Nd7 17. Rfe1 Ndf6 18. Ra4 Qd7 19. Rb4 h5 20. a6 b6 21.
d5 g4 22. hxg4 hxg4 23. Nd4 g3 24. Bxg3 Nxg3 25. fxg3 Ne4 26. Nc6 Ra8 27. g4 Bh6 28. Nf5 Bxf5 29. gxf5 Be3+ 30. Kh2 Qxf5 31. Nxe7+ Kh7 32.
Nxf5 Bf4+ 33. Kg1 Rh8 1-0

[Event "Early-Titled-Tuesday-Blitz-April-02-2024"]
[Site "Chess.com"]
[Date "2024.04.02"]
[Round "3"]
[White "MalyDominator"]
[Black "LLariMarc"]
[Result "1-0"]
[WhiteElo "2620"]
[BlackElo "2423"]
[TimeControl "180+1"]
[EndTime "8:27:30 PDT"]
[Termination "MalyDominator won by resignation"]

1. e4 e6 2. d4 d5 3. e5 c5 4.
c3 Bd7 5. Nf3 Qb6 6. Bd3 Bb5 7.
dxc5 Bxc5 8. b4 Bxd3 9. Qxd3 Be7 10. O-O Nd7 11. a4 Rc8 12. Be3 Qa6 13. Qxa6 bxa6 14. Bxa7 Bd8 15. a5 Ne7 16. Bd4 Nc6 17. Nbd2 Nxd4 18.
cxd4 O-O 19. Nb3 Rc4 20. Nc5 Nb8 21. Rab1 Be7 22. Rfc1 Rxc1+ 23. Rxc1 Rc8 24. Rb1 Kf8 25. Kf1 Ke8 26. Ke2 Bd8 27. Kd3 Rc6 28. Nd2 Bc7 29. f4 Kd8 30. g4 Kc8 31. Nf3 h6 32. h4 g6 33. h5 gxh5 34. gxh5 Nd7 35. Rg1 Nxc5+ 36.
dxc5 Bd8 37. Rg8 Rc7 38. Nd4 Kd7 39. Rh8 Bh4 40. Rxh6 Ke7 41. Rh8 Bg3 42. Ne2 Be1 43. Rb8 f6 44. h6 fxe5 45. fxe5 Bg3 46. Nxg3 1-0

[Event "Early-Titled-Tuesday-Blitz-April-02-2024"]
[Site "Chess.com"]
[Date "2024.04.02"]
[Round "3"]
[White "NigiriSushies"]
[Black "SlavenPastar"]
[Result "1-0"]
[WhiteElo "2321"]
[BlackElo "2558"]
[TimeControl "180+1"]
[EndTime "8:27:30 PDT"]
[Termination "NigiriSushies won by checkmate"]

1. e4 b6 2. d4 Bb7 3. Nc3 e6 4. Nf3 Bb4 5. Bd3 Nf6 6. e5 Ne4 7. O-O Nxc3 8. bxc3 Bxc3 9. Rb1 Nc6 10. Be4 Qc8 11.
Rb3 Ba5 12. Ng5 Nd8 13. Bxh7 Bd5 14. Rh3 Qb7 15. Qg4 Nc6 16. Nxf7 Rf8 17. Bg6 Nxe5 18.
dxe5 Qc6 19. Nd6+ Kd8 20. Bg5+ Rf6 21. Bxf6+ gxf6 22. Rh8+ Ke7 23. Qh4 Rf8 24. Qh7+ Rf7 25. Qxf7# 1-0

[Event "Early-Titled-Tuesday-Blitz-April-02-2024"]
[Site "Chess.com"]
[Date "2024.04.02"]
[Round "3"]
[White "Aslanov_Umid"]
[Black "BVB009"]
[Result "1/2-1/2"]
[WhiteElo "2648"]
[BlackElo "2851"]
[TimeControl "180+1"]
[EndTime "8:27:31 PDT"]
[Termination "Game drawn by repetition"]

1. e4 e5 2. Nf3 Nc6 3. Bc4 Nf6 4.
d3 Be7 5. O-O O-O 6. c3 d5 7.
exd5 Nxd5 8. a4 a6 9. a5 Be6 10.
Re1 Bf6 11. Nbd2 Nf4 12. Bxe6 Nxe6 13. Ne4 Be7 14. Ng3 Qd5 15. Nf5 Bf6 16. Ne3 Qd7 17.
Ng4 Rfd8 18. Ngxe5 Nxe5 19. Nxe5 Bxe5 20. Rxe5 Qxd3 21. Qxd3 Rxd3 22. Be3 Rad8 23. g3 R3d5 24. Rxd5 Rxd5 25. Kf1 f5 26. f4 Kf7 27. Ke2 c6 28.
b4 Nc7 29. Rd1 Nb5 30. Rd3 Ke6 31. c4 Rxd3 32. Kxd3 Nd6 33. Bd4 g6 34. h3 h5 35.
Bf2 Ne4 36. Be1 c5 37. b5 Kd6 38. g4 hxg4 39. hxg4 Kc7 40. gxf5 gxf5 41. Bc3 Kd7 42.
Be5 Ke6 43. Bc7 Kd7 44. Be5 Nf2+ 45. Kc3 Ne4+ 46. Kd3 1/2-1/2

[Event "Early-Titled-Tuesday-Blitz-April-02-2024"]
[Site "Chess.com"]
[Date "2024.04.02"]
[Round "3"]
[White "Zkid"]
[Black "Predator0608"]
[Result "0-1"]
[WhiteElo "2885"]
[BlackElo "2557"]
[TimeControl "180+1"]
[EndTime "8:27:35 PDT"]
[Termination "Predator0608 won on time"]

1. e4 c5 2. Nf3 d6 3. d4 cxd4 4. Nxd4 Nf6 5. Nc3 a6 6. h3 e5 7. Nde2 h5 8. Bg5 Nbd7 9. g3 Be7 10. a4 b6 11. Bg2 Bb7 12. O-O O-O 13. Qd2 Rc8 14.
Rad1 Rc4 15. b3 Rc8 16. Qe3 Qc7 17. Rd2 Rfd8 18. Rfd1 Nf8 19. Bf3 Ne6 20. Bxf6 Bxf6 21. Bxh5 Bg5 22. f4 exf4 23. gxf4 Nxf4 24. Nxf4 Qxc3 25.
Rd3 Qe5 26. Rf1 Bxf4 27. Bxf7+ Kxf7 28. Rxf4+ Kg8 29. Rd2 Rf8 30. Rg4 Rc3 31. Qxb6 Rg3+ 32. Rg2 Rxg2+ 33. Rxg2 Bxe4 34. Rg4 Bf3 0-1

[Event "Early-Titled-Tuesday-Blitz-April-02-2024"]
[Site "Chess.com"]
[Date "2024.04.02"]
[Round "3"]
[White "Itay121"]
[Black "ActorXu"]
[Result "0-1"]
[WhiteElo "2534"]
[BlackElo "2846"]
[TimeControl "180+1"]
[EndTime "8:27:36 PDT"]
[Termination "ActorXu won by checkmate"]

1. e4 c5 2. Nf3 Nc6 3. Bb5 g6 4. O-O Bg7 5. c3 e5 6. d3 Nge7 7. Be3 d6 8. Nbd2 a6 9. Ba4 O-O 10. Qe2 h6 11. Rac1 Kh7 12. Bc2 Be6 13. Bb1 Rc8 14. Rfd1 b6 15. Nf1 d5 16. exd5 Nxd5 17.
d4 Nxe3 18. Nxe3 exd4 19. cxd4 Nxd4 20. Nxd4 cxd4 21. Rxc8 Qxc8 22. Nc2 Rd8 23. Nb4 a5 24.
Nd3 Bg4 25. f3 Bf5 26. Qd2 Re8 27. a3 Re3 28. Nf2 Bxb1 29. Rxb1 Qe6 30. Ne4 f5 31.
Ng3 h5 32. Rd1 h4 33. Nf1 Re2 34. Qd3 Rxb2 35. f4 Qe4 36. Qh3 Bf6 37. Rd3 Qe2 38.
Rf3 Rb1 39. a4 d3 40. g3 Qxf3 41. gxh4 Qxh3 42. Kh1 Rxf1# 0-1

[Event "Early-Titled-Tuesday-Blitz-April-02-2024"]
[Site "Chess.com"]
[Date "2024.04.02"]
[Round "3"]
[White "francyIM"]
[Black "joksijoksi"]
[Result "1-0"]
[WhiteElo "2804"]
[BlackElo "2528"]
[TimeControl "180+1"]
[EndTime "8:27:36 PDT"]
[Termination "francyIM won by resignation"]

1. e4 c5 2. Nf3 e6 3. c3 Nf6 4.
e5 Nd5 5. d4 cxd4 6. cxd4 d6 7.
a3 Be7 8. Bd3 b6 9. Qe2 Bb7 10.
h4 h6 11. h5 Nd7 12. Rh3 dxe5 13. dxe5 Nc5 14. Bc4 a6 15. b4 Na4 16. Bb3 Nac3 17.
Nxc3 Nxc3 18. Qd2 Ne4 19. Qxd8+ Rxd8 20. Be3 b5 21. Nd4 Bg5 22. Rd1 Bxe3 23. Rxe3 Ke7 24. Bc2 Ng5 25. f4 Nh7 26. Rc3 Rd7 27. Nc6+ Bxc6 28.
Rxc6 f6 29. Rxd7+ Kxd7 30. Rxa6 fxe5 31. fxe5 Ng5 32. Bd3 Rb8 33. Ra7+ Kc6 34. Rxg7 Kd5 35. Rg6 Kd4 36. Ke2 Ra8 37. Rxh6 Rxa3 38. Rg6 Ra2+ 39. Kf1 Ke3 40. Kg1 Ne4 41. Bxe4 Kxe4 42. h6 Ra8 43. Rxe6 Kf5 44. Rb6 Kxe5 45. Rxb5+ Kf4 46. Rh5 Kg4 47. Rh3 Rh8 48. h7 1-0